 Dungeon Crawl Stone Soup version 0.29.1-15-g9cfb28693d (webtiles) character file.

Game seed: 13435695039249198570

7 javelincjr the Caller (level 2, -2/19 HPs)
             Began as a Gnoll Summoner on Apr 17, 2023.
             Slain by a quokka (5 damage)
             ... on level 1 of the Dungeon.
             The game lasted 00:00:56 (343 turns).

javelincjr the Caller (Gnoll Summoner)               Turns: 343, Time: 00:00:57

Health: -2/19      AC:  2    Str:  7    XL:     2   Next: 0%
Magic:  5/7        EV: 13    Int: 14    God:
Gold:   11         SH:  0    Dex: 12    Spells: 9/10 levels left

rFire   . . .      SeeInvis .   d - +0 spear
rCold   . . .      Faith    .   (no shield)
rNeg    . . .      Spirit   .   a - +0 robe
rPois   .          Reflect  .   (no helmet)
rElec   .          Harm     .   (no cloak)
rCorr   .          Rampage  .   (no gloves)
Will    .....                   (no boots)
Stlth   ++........              (no amulet)
HPRegen 0.06/turn               (no ring)
MPRegen 0.10/turn               (no ring)

@: no status effects
A: fangs 1, strong nose, distributed training
a: no special abilities


You were on level 1 of the Dungeon.
You visited 1 branch of the dungeon, and saw 1 of its levels.

You collected 11 gold pieces.

Inventory:

Hand Weapons
 d - a +0 spear (weapon)
Armour
 a - a +0 robe (worn)
Scrolls
 c - a scroll of enchant weapon {unknown}
 e - a scroll of summoning {unknown}
Potions
 b - a potion of magic


   Skills:
 + Level 0.2 Fighting
 + Level 0.2 Short Blades
 + Level 0.2 Long Blades
 + Level 0.2 Axes
 + Level 0.2 Maces & Flails
 + Level 0.2 Polearms
 + Level 0.2 Staves
 + Level 0.2 Ranged Weapons
 + Level 0.2 Throwing
 + Level 0.2 Armour
 + Level 4.4 Dodging
 + Level 4.0 Stealth
 + Level 0.2 Shields
 + Level 0.2 Unarmed Combat
 + Level 4.9 Spellcasting
 + Level 0.1 Conjurations
 + Level 0.1 Hexes
 + Level 7.0 Summonings
 + Level 0.1 Necromancy
 + Level 0.1 Translocations
 + Level 0.1 Transmutations
 + Level 0.1 Fire Magic
 + Level 0.1 Ice Magic
 + Level 0.1 Air Magic
 + Level 0.1 Earth Magic
 + Level 0.1 Poison Magic
 + Level 0.3 Invocations
 + Level 0.2 Evocations


You had 9 spell levels left.
You knew the following spells:

 Your Spells              Type           Power      Damage    Failure   Level
a - Summon Small Mammal   Summ           92%        N/A       1%          1

Your spell library contained the following spells:

 Spells                   Type           Power      Damage    Failure   Level
 Call Imp                 Summ           23%        N/A       1%          2
 Call Canine Familiar     Summ           23%        N/A       3%          3
 Summon Guardian Golem    Hex/Summ       13%        N/A       12%         3
 Summon Lightning Spire   Summ/Air       13%        N/A       36%         4


Dungeon Overview and Level Annotations

Branches:
Dungeon (1/15)

Altars:


Innate Abilities, Weirdness & Mutations

You have very sharp teeth.
Your uncanny sense of smell can sniff out nearby items.
Your experience applies equally to all skills.


Message History

Okay, then.
You are too injured to fight recklessly!
You hit the quokka. Your bite misses the quokka.
The quokka is heavily wounded.
The quokka barely misses you.
Your quokka barely misses the quokka.
Your rat bites the dart slug.
The quokka bites you but does no damage.
You miss the quokka.
The quokka is heavily wounded.
Your quokka barely misses the quokka.
The quokka bites you.
* * * LOW HITPOINT WARNING * * *
The dart slug bites your rat.
Your rat dies!
Your rat's corpse disappears in a puff of smoke!
Your quokka closely misses the quokka.
You hit the quokka but do no damage. Your bite misses the quokka.
The quokka is heavily wounded.
Your quokka disappears in a puff of smoke!
The quokka misses you. The dart slug launches a dart at you.
The slug dart hits you.
* * * LOW HITPOINT WARNING * * *
Casting: Summon Small Mammal (safe; 1% risk of failure)
Confirm with . or Enter, or press ? or * to list all spells.
The quokka barely misses you. The quokka misses you.
The dart slug launches a dart at you. The slug dart misses you.
Casting: Summon Small Mammal (safe; 1% risk of failure)
Confirm with . or Enter, or press ? or * to list all spells.
The quokka closely misses you. The quokka attacks as you move away!
The quokka closely misses you. The dart slug launches a dart at you.
The slug dart misses you. The slug dart hits your quokka.
Your quokka dies!
Your quokka's corpse disappears in a puff of smoke!
Your quokka bites the dart slug.
You closely miss the quokka. Your bite misses the quokka.
The quokka is heavily wounded.
The quokka bites you.
You die...

######## #......# ###
#......###.##
##########......#.....
####.....§.........#.#.##
.......†@................
..#....r.....########.#.
∆ #.r).......# ######.#)
#.w........# #....#..)
#....######### #........
##.## #....#... ...
#....#... ..# #....#.##
.. #....#..#


You could see a dart slug (ally target), a quokka and a friendly quokka
(summoned).

Vanquished Creatures
  A bat (D:1)
  A goblin (D:1)
  A quokka (D:1)
  A frilled lizard (D:1)
4 creatures vanquished.

Vanquished Creatures (collateral kills)
  A kobold (D:1)
  A goblin (D:1)
2 creatures vanquished.

Grand Total: 6 creatures vanquished

Notes
Turn   | Place    | Note
-------+----------+-------------------------------------------
     0 | D:1      | javelincjr the Gnoll Summoner began the quest for the Orb.
     0 | D:1      | Reached XP level 1. HP: 13/13 MP: 6/6
   337 | D:1      | Reached XP level 2. HP: 9/19 MP: 7/7
   343 | D:1      | Slain by a quokka

Illustrated notes

Levels and vault maps discovered:
D:1:      dpeg_arrival_arbitrary_c, layout_basic,
          hellmonk_ecumenical_altar_heavens_door, minmay_cupped

Action                   || total
-------------------------++-------
Melee: Spear             ||    32
       Bite              ||     4
       Punch             ||     1
 Cast: Summon Small Mamm ||     6
Armor: Robe              ||     4
Dodge: Dodged            ||    32
